 Dungeon Crawl Stone Soup version 0.27-a0-421-g7ddf969dea (webtiles) character file.

Game seed: 9240229765135413793

24 sanka the Sneak (level 2, -1/15 HPs)
             Began as a Vampire Enchanter on Feb 26, 2021.
             Slain by a kobold
             ... wielding a +0 short sword
              (2 damage)
             ... on level 1 of the Dungeon.
             The game lasted 00:01:28 (649 turns).

sanka the Sneak (Vampire Enchanter)                  Turns: 649, Time: 00:01:29

Health: -1/15      AC:  2    Str:  7    XL:     2   Next: 79%
Magic:  3/5        EV: 12    Int: 17    God:
Gold:   55         SH:  0    Dex: 14    Spells: 2/5 levels left

rFire    . . .     SeeInvis +   a - +1 dagger
rCold    + + .     Faith    .   (no shield)
rNeg     + + +     Spirit   .   b - +0 robe
rPois    ∞         Reflect  .   (no helmet)
rElec    .         Harm     .   (no cloak)
rCorr    .         Rampage  .   (no gloves)
Will     .....                  (no boots)
Stlth    +++++.....             (no amulet)
HPRegen  0.00/turn              (no ring)
MPRegen  0.09/turn              (no ring)

@: bloodless
A: fangs 3, see invisible, unbreathing
a: Revivify


You were on level 1 of the Dungeon.
You visited 1 branch of the dungeon, and saw 1 of its levels.

You collected 55 gold pieces.


Innate Abilities, Weirdness & Mutations

You do not regenerate when monsters are visible.
You are frail without blood (-20% HP).
You can heal yourself when you bite living creatures.
You are immune to poison.
You have razor-sharp teeth.
You have supernaturally acute eyesight. (SInv)
You can survive without breathing.


   Skills:
 - Level 1.1 Short Blades
 - Level 2.1 Dodging
 + Level 6.3 Stealth
 - Level 2.0 Spellcasting
 - Level 4.4 Hexes


You had 2 spell levels left.
You knew the following spells:

 Your Spells              Type           Power        Failure   Level
z - Ensorcelled Hibernat  Hex/Ice        18%          12%         2
Z - Corona                Hex            17%          3%          1

Your spell library contained the following spells:

 Spells                   Type           Power        Failure   Level
 Confusing Touch          Hex            16%          10%         3
 Tukima's Dance           Hex            16%          10%         3
 Dazzling Flash           Conj/Hex       18%          24%         3

Inventory:

Hand Weapons
 a - a +1 dagger (weapon)
Armour
 b - a +0 robe (worn)
Scrolls
 d - a scroll of identify {unknown}
Potions
 c - a potion of haste {unknown}

Dungeon Overview and Level Annotations

Branches:
Dungeon (1/15)

Altars:

▒.......▒
▒▒♣.......♣
▒▒▒.........▒
▒.....♣.......♣▒▒
▒..............)▒
▒▒▒.....♣.......♣.▒
. ..............▒.▒
▒ ▒....♣.♣.♣▒♣▒♣K▒
▒........▒▒▒.V.▒
▒........▒...▒▒▒
▒.........)▒▒▒
▒▒▒†▒▒▒▒▒.▒▒ ▒. ▒.▒
▒▒. ▒)▒ ▒ ♣. ▒.▒ ▒
♣♣♣.♣♣ ♣.▒▒ ▒
♣♣PP.PP♣♣..▒


You could see a kobold.


Message History

No target in view!
No target in view!
A kobold is nearby!
The kobold shouts!
You hit the kobold.
The kobold is moderately wounded.
The kobold hits you with a +0 short sword.
You hit the kobold.
The kobold is severely wounded.
The kobold closely misses you.
You hit the kobold but do no damage. Your bite misses the kobold.
The kobold is severely wounded.
The kobold hits you with a +0 short sword.
* * * LOW HITPOINT WARNING * * *
You hit the kobold but do no damage.
The kobold is severely wounded.
The kobold closely misses you.
You hit the kobold but do no damage.
The kobold is severely wounded.
The kobold hits you with a +0 short sword.
* * * LOW HITPOINT WARNING * * *
You barely miss the kobold.
The kobold is severely wounded.
The kobold hits you but does no damage.
Aiming: Ensorcelled Hibernation (safe; 12% risk of failure)
Aim: a kobold, wielding a +0 short sword (moderately wounded, chance to affect: 58%)
The kobold resists with significant effort.
The kobold hits you with a +0 short sword.
You die...

Action                   || total
-------------------------++-------
Melee: Dagger            ||    48
       Bite              ||     4
 Cast: Corona            ||     3
       Ensorcelled Hiber ||     5
 Abil: Exsanguinate      ||     1
 Stab: Sleeping          ||    12
Armor: Robe              ||    11
Dodge: Dodged            ||    42

Levels and vault maps discovered:
D:1:      dpeg_arrival_rhombus, layout_rooms, serial_forest,
          infiniplex_forest_clump_long, infiniplex_forest_corner_1,
          infiniplex_forest_lined_room_3, infiniplex_forest_side_room,
          infiniplex_forest_fountain, infiniplex_forest_side_room,
          infiniplex_forest_corner_1

Notes
Turn   | Place    | Note
-------+----------+-------------------------------------------
     0 | D:1      | sanka the Vampire Enchanter began the quest for the Orb.
     0 | D:1      | Reached XP level 1. HP: 13/13 MP: 3/3
    36 | D:1      | Reached skill level 5 in Stealth
    52 | D:1      | Reached XP level 2. HP: 9/15 MP: 1/5
   164 | D:1      | Learned a level 2 spell: Ensorcelled Hibernation
   552 | D:1      | Reached skill level 6 in Stealth
   638 | D:1      | HP: 1/15 [kobold/+0 short sword (4)]
   649 | D:1      | Slain by a kobold

Vanquished Creatures
  A dart slug (D:1)
  7 bats (D:1)
  5 goblins (D:1)
  2 hobgoblins (D:1)
  4 kobolds (D:1)
  A frilled lizard (D:1)
  A rat (D:1)
21 creatures vanquished.

Vanquished Creatures (others)
  A plant (D:1)
1 creature vanquished.

Grand Total: 22 creatures vanquished
